 Dungeon Crawl Stone Soup version 0.18-a0-1764-gf4ddf0b (webtiles) character file.

118227 nono the Imperceptible (level 16, -6/75 HPs)
             Began as a Vine Stalker Enchanter on Apr 13, 2016.
             Was the Champion of Ashenzari.
             Mangled by a ghost moth (7 damage)
             ... on level 3 of the Spider Nest.
             The game lasted 03:17:42 (28483 turns).

nono the Imperceptible (Vine Stalker Enchanter)    Turns: 28483, Time: 03:17:44

Health: -6/75      AC: 16    Str: 13      XL:     16   Next: 76%
Magic:  0/35       EV: 12    Int: 20 (21) God:    Ashenzari [******]
Gold:   2446       SH:  0    Dex: 14      Spells: 10 memorised, 2 levels left

rFire  . . .     SeeInvis +     W - +0 dagger (distort) (curse)
rCold  . . .     Gourm    .     b - +2 robe {Archmagi}
rNeg   . . .     Faith    .     (no shield)
rPois  .         Spirit   +     N - +2 helmet
rElec  .         Dismiss  .     S - +2 cloak
rCorr  .         Reflect  .     F - +0 pair of gloves
SustAt .         Harm     .     (no boots)
MR     ++...     Clarity  +     D - amulet of regeneration (curse)
Stlth  ++++++++..               j - ring of magical power (curse)
                                p - +5 ring of protection (curse)

@: very slightly contaminated, repel missiles, very resistant to hostile
enchantments, extraordinarily stealthy
A: fangs 3, regeneration 3, magic shield, antimagic bite, no device heal 3, rot
immunity
a: Curse Item, Scrying, Transfer Knowledge, Renounce Religion


You were on level 3 of the Spider Nest.
You worshipped Ashenzari.
Ashenzari was exalted by your worship.
You were near starving.

You visited 6 branches of the dungeon, and saw 31 of its levels.
You also visited: Labyrinth.

You collected 2790 gold pieces.
You spent 324 gold pieces at shops.

Inventory:

Hand Weapons
 W - a cursed +0 dagger of distortion (weapon)
Armour
 b - a +2 robe of the Archmagi (worn)
 E - the cursed +1 ring mail of Wrong Decisions {rN++ MR- Dex+2 Stlth+}
   (You found it on level 6 of the Dungeon)

   It affects your dexterity (+2).
   It greatly protects you from negative energy.
   It affects your resistance to hostile enchantments.
   It makes you more stealthy.
   It has a curse placed upon it.
 F - a +0 pair of gloves (worn)
 N - a +2 helmet (worn)
 S - a +2 cloak (worn)
Jewellery
 a - an uncursed amulet of dismissal
 j - a cursed ring of magical power (right hand)
 p - a cursed +5 ring of protection (left hand)
 u - an uncursed ring of fire
 w - an uncursed ring of sustain attributes
 D - a cursed amulet of regeneration (around neck)
 L - a +4 ring of intelligence
 O - an uncursed ring of protection from magic
 V - an uncursed ring of positive energy
Wands
 H - a wand of iceblast (6/15)
 K - a wand of teleportation (2/9)
 M - a wand of lightning (7/15)
 P - a wand of acid (9/15)
 U - a wand of disintegration (10/24)
Scrolls
 e - 9 scrolls of amnesia
 g - a scroll of teleportation
 h - 3 scrolls of enchant armour
 o - 9 scrolls of identify
 y - 2 scrolls of recharging
 z - 5 scrolls of remove curse
 C - 6 scrolls of magic mapping
 J - a scroll of silence
Potions
 c - a potion of ambrosia
 f - 4 potions of flight
 l - 5 potions of curing
 n - 6 potions of lignification
 q - 3 potions of brilliance
 r - 3 potions of agility
 s - 8 potions of magic
 x - a potion of haste
 G - 3 potions of invisibility
 Y - 3 potions of might
 Z - a potion of cancellation
Books
 k - a book of Air

   Spells                             Type                      Level
   a - Shock                          Conjuration/Air              1
   b - Swiftness                      Charms/Air                   2
   c - Repel Missiles                 Charms/Air                   2
   d - Static Discharge               Conjuration/Air              3
   e - Lightning Bolt                 Conjuration/Air              5
 Q - a book of Dreams

   Spells                             Type                      Level
   a - Ensorcelled Hibernation        Hexes/Ice                    2
   b - Silence                        Hexes/Air                    5
   c - Darkness                       Hexes                        6
   d - Shadow Creatures               Summoning                    6
Miscellaneous
 i - a plain deck of war {drawn: 2}
 T - a box of beasts
Comestibles
 d - 11 bread rations
 m - 4 slices of pizza
 t - 8 meat rations
 v - 42 fruits
 I - 9 beef jerkies


   Skills:
 + Level 4.8 Fighting
 - Level 9.9(14.2) Short Blades
 - Level 1.5 Dodging
 * Level 21.6 Stealth
 - Level 6.5 Spellcasting
 - Level 2.6(6.2) Conjurations
 * Level 17.7(21.4) Hexes
 - Level 3.2(7.1) Charms
 - Level 3.5(7.5) Translocations
 - Level 1.9(5.1) Transmutations


You had 2 spell levels left.
You knew the following spells:

 Your Spells              Type           Power        Failure   Level  Hunger
a - Ensorcelled Hibernat  Hex/Ice        ######       1%          2    None
b - Dazzling Spray        Conj/Hex       #######.     1%          3    #......
c - Gell's Gravitas       Hex/Tloc       #######...   1%          3    #......
d - Blink                 Tloc           N/A          1%          2    None
e - Passwall              Trmt/Erth      ####......   4%          2    None
f - Cause Fear            Hex            #######...   0%          4    ###....
g - Leda's Liquefaction   Hex/Erth       ######....   1%          4    ###....
h - Repel Missiles        Chrm/Air       ####..       2%          2    None
q - Corona                Hex            #######      0%          1    None
x - Confuse               Hex            #######.     0%          3    #......


Dungeon Overview and Level Annotations

Branches:
Dungeon (15/15)            Temple (1/1) D:4            Lair (8/8) D:9
 Shoals (1/4) Lair:6       Spider (4/4) Lair:3        Slime (0/6) Lair:6
    Orc (2/2) D:10            Elf (0/3) Orc:2        Vaults (0/5) D:13
 Depths (0/5) D:15

Altars:
Ashenzari
Cheibriados
Dithmenos
Elyvilon
Fedhas
Gozag
Kikubaaqudgha
Makhleb
Nemelex Xobeh
Okawaru
Pakellas
Qazlal
Ru
Sif Muna
Trog
Vehumet
Xom
Yredelemnul
Zin
The Shining One
Beogh

Shops:
D:5 *   D:7 %   D:13 *   D:15 [   Orc:2 %(}%

Portals:
Trove: D:11 (give 2 scrolls of acquirement)

Annotations:
D:8 exclusion: 2 doors
D:10 Fannar


Innate Abilities, Weirdness & Mutations

You have razor-sharp teeth.
You regenerate.
When hurt, damage is shared between your health and your magic reserves.
Your bite disrupts and absorbs the magic of your enemies.
Potions and wands cannot restore your health.
You are immune to rotting.


Message History

The bolt of electricity hits you! x2
* * * LOW HITPOINT WARNING * * *
The ghost moth stares at you.
You feel your power leaking away. The ghost moth hits you.
* * * LOW HITPOINT WARNING * * *
The ghost moth hits you but does no damage.
The ghost moth stings you but does no damage.
The redback bites you but does no damage.
Drink which item? (? for menu, Esc to quit)
Okay, then.
Read which item? (? for menu, Esc to quit)
As you read the scroll of summoning, it crumbles to dust.
Wisps of shadow whirl around you... The redback barely misses you.
The ghost moth stares at you.
The ghost moth hits you but does no damage.
The ghost moth hits you.
* * * LOW HITPOINT WARNING * * *
The ghost moth stings you!
You die...

,, ,,,s..≈≈≈≈#...#.....#..#....
, , * ....≈≈≈........#....^....
* , ,
,.....≈#≈................# * ,*
*........;........##...... *
,,*,,,>................###...?.
* , #......#..s.......###....
,,,* *#......#sss........##....
*,,, #...####ysB...##..####...
* ##s. , #@##......## ##.. * ,*
*#.., , #####...### #.# ***
,*..,,, * ##.## ### , ,, , **
### ** , , , * , ** ,, * * * **
* ,, , , , * ,, ,, { * ,, * *,
** ** ,,∆, ,, ,,,,,, , ,* ,,,,,
* ,,, ,,, , ,,


You could see a ghost moth (invisible), a redback, an electric eel, a friendly
boulder beetle (wandering), 2 friendly wolf spiders, a friendly jumping spider
(wandering) and a friendly redback (wandering).

Vanquished Creatures
  Rupert (Lair:6)
  Kirke (D:14)
  Wiglaf (Spider:2)
  An orc warlord (Orc:1)
  An emperor scorpion (Spider:1)
  A stone giant (Orc:1)
  Nessos (Lair:7)
  A salamander stormcaller (D:15)
  A spark wasp (Spider:4)
  An ettin (Orc:2)
  A minotaur (Lab)
  A vault guard (D:11)
  9 hydras
  An entropy weaver (Spider:2)
  A catoblepas (Lair:7)
  2 ogre magi (Orc:2)
  An orc high priest (Orc:1)
  4 spriggans
  The ghost of ReniFell the Protected, a novice MiFi of Okawaru (D:9)
  Sonja (D:10)
  2 skeletal warriors (D:13)
  5 unseen horrors
  2 deep trolls (Orc:2)
  A lindwurm (Lair:8)
  2 orc knights
  Pikel (D:9)
  8 hill giants
  A wolf spider zombie (D:15)
  8 orb spiders
  An orc sorcerer (Orc:2)
  7 ugly things
  A necromancer (Lair:3)
  4 deep elf magi
  13 wolf spiders
  3 cyclopes
  A griffon (D:14)
  A hornet (Spider:2)
  Maurice (Orc:1)
  3 manticores
  7 black mambas
  Joseph (D:10)
  10 elephants
  5 orange demons (D:13)
  A guardian serpent (Lair:8)
  17 spiny frogs
  2 gargoyles
  5 rime drakes
  2 demonic crawlers
  9 komodo dragons
  A freezing wraith (D:15)
  2 tengu conjurers
  10 wyverns
  13 trolls
  10 jumping spiders
  7 two-headed ogres
  A hornet zombie (D:14)
  A slime creature (D:10)
  17 blink frogs
  2 boulder beetles
  11 tarantellas
  A tarantella (shapeshifter) (D:15)
  A wraith (D:15)
  19 redbacks
  23 yaks
  3 hungry ghosts
  3 basilisks
  A golden eye (shapeshifter) (D:13)
  14 hippogriffs
  2 hogs (D:14)
  8 vampire mosquitoes
  Menkaure (D:6)
  A naga (Lair:4)
  3 wargs
  2 soldier ants
  23 porcupines
  25 water moccasins
  3 phantoms
  2 slaves (D:9)
  31 orc warriors
  6 wasps
  6 ice beasts
  26 ogres
  17 wolves
  10 centaurs
  4 big kobolds
  A komodo dragon zombie (Lair:3)
  20 crocodiles
  18 giant frogs
  5 scorpions
  16 killer bees
  7 wights (D:12)
  3 howler monkeys
  9 crimson imps
  A giant frog zombie (D:6)
  3 quasits
  4 centaur zombies
  7 jellies
  17 orc wizards
  13 orc priests
  A basilisk zombie (Lair:3)
  4 hounds
  6 centaur skeletons
  3 giant frog skeletons
  A gnoll shaman (Orc:2)
  11 iguanas
  12 worker ants
  15 sheep
  A hound zombie (D:9)
  2 hound skeletons
  A worker ant zombie (D:10)
  8 gnolls
  20 adders
  43 river rats
  2 shadow imps
  2 oozes
  An adder zombie (D:5)
  An adder skeleton (D:9)
  4 dart slugs
  7 giant geckos
  82 orcs
  4 giant cockroaches
  7 hobgoblins
  13 jackals
  14 kobolds
  2 quokkas
  8 bats
  4 giant newts
  7 goblins
  3 quokka skeletons
  12 rats
  A plant (D:12)
892 creatures vanquished.

Vanquished Creatures (collateral kills)
  3 wolves (Lair:3)
3 creatures vanquished.

Vanquished Creatures (others)
  A skeletal warrior (D:13)
  An ugly thing (D:14)
  A tengu conjurer (D:13)
  A jumping spider (Spider:4)
  A hornet zombie (D:14)
  A slave (D:9)
  A phantom (D:10)
  An eye of draining (D:11)
  A wyvern zombie (D:11)
  A hound (D:14)
  An orc priest (D:9)
  2 orc wizards (Orc:1)
  An adder (D:9)
  An orc (D:9)
  A jackal (D:9)
  57 fungi
  64 plants
137 creatures vanquished.

Grand Total: 1032 creatures vanquished

Notes
Turn   | Place    | Note
--------------------------------------------------------------
     0 | D:1      | nono the Vine Stalker Enchanter began the quest for the Orb.
     0 | D:1      | Reached XP level 1. HP: 9/9 MP: 4/4
    79 | D:1      | Reached skill level 1 in Short Blades
   135 | D:1      | Reached XP level 2. HP: 12/13 MP: 4/6
   210 | D:1      | Reached skill level 4 in Stealth
   307 | D:1      | Reached XP level 3. HP: 16/16 MP: 7/7
   694 | D:2      | Learned a level 3 spell: Confuse
   893 | D:2      | Reached XP level 4. HP: 21/21 MP: 8/8
   915 | D:2      | Learned a level 2 spell: Ensorcelled Hibernation
   950 | D:2      | Found a sparkling altar of Nemelex Xobeh.
   950 | D:2      | Found an opulent altar of Gozag.
  1506 | D:3      | Reached XP level 5. HP: 24/24 MP: 7/10
  2112 | D:4      | Found a staircase to the Ecumenical Temple.
  2118 | Temple   | Entered the Ecumenical Temple
  2161 | Temple   | Became a worshipper of Ashenzari the Shackled
  2354 | D:4      | Gained mutation: You heal very quickly. [Vine Stalker growth]
  2354 | D:4      | Reached XP level 6. HP: 28/28 MP: 1/12
  2468 | D:4      | Reached skill level 5 in Stealth
  3004 | D:5      | Entered Level 5 of the Dungeon
  3044 | D:5      | Found Piano's General Store.
  3314 | D:5      | Noticed an ice beast
  3322 | D:5      | Killed an ice beast
  3322 | D:5      | Reached XP level 7. HP: 25/32 MP: 12/14
  3340 | D:5      | Reached skill level 5 in Hexes
  3506 | D:5      | Reached skill level 6 in Stealth
  3638 | D:5      | Reached * piety under Ashenzari
  3842 | D:5      | Noticed a hungry ghost
  3982 | D:5      | Killed a hungry ghost
  3982 | D:5      | Gained mutation: You have razor-sharp teeth. [Vine Stalker growth]
  3982 | D:5      | Reached XP level 8. HP: 36/36 MP: 11/15
  4057 | D:5      | Reached skill level 7 in Stealth
  4483 | D:6      | Noticed Menkaure
  4484 | D:6      | Identified the cursed +1 ring mail of Wrong Decisions {rN++ MR- Dex+2 Stlth+}
  4497 | D:6      | Killed Menkaure
  4797 | D:6      | Reached skill level 8 in Stealth
  4993 | D:6      | Learned a level 1 spell: Flame Tongue
  5380 | D:7      | Found Raumoras's Food Shop.
  5475 | D:7      | Identified the +5 ring mail of Eternal Night {rC+ Int-5 Slay+3}
  5565 | D:7      | Reached ** piety under Ashenzari
  5582 | D:7      | Reached XP level 9. HP: 37/39 MP: 5/16
  5705 | D:7      | Reached skill level 9 in Stealth
  5963 | D:8      | Reached skill level 5 in Short Blades
  6309 | D:8      | Learned a level 3 spell: Gell's Gravitas
  6314 | D:8      | Learned a level 3 spell: Dazzling Spray
  6355 | D:8      | Noticed a three-headed hydra
  6669 | D:8      | Reached skill level 10 in Stealth
  7143 | D:9      | Found a staircase to the Lair.
  7151 | D:9      | Noticed Pikel
  7175 | D:9      | Killed Pikel
  7175 | D:9      | Reached skill level 11 in Stealth
  7175 | D:9      | Reached XP level 10. HP: 30/44 MP: 1/17
  7330 | D:9      | Noticed ReniFell's ghost (novice MiFi)
  7349 | D:9      | Killed ReniFell's ghost
  7643 | D:9      | Learned a level 2 spell: Blink
  7719 | D:9      | Reached skill level 12 in Stealth
  7994 | Lair:1   | Entered Level 1 of the Lair of Beasts
  8066 | Lair:1   | Noticed a spiny frog
  8077 | Lair:1   | Killed a spiny frog
  8082 | Lair:1   | Reached *** piety under Ashenzari
  8094 | Lair:1   | Reached skill level 10 in Hexes
  8380 | Lair:1   | Noticed a spriggan rider
  8388 | Lair:1   | Noticed a spiny frog
  8390 | Lair:1   | Killed a spriggan rider
  8402 | Lair:1   | Reached XP level 11. HP: 47/47 MP: 15/18
  8470 | Lair:1   | Reached skill level 13 in Stealth
  8694 | Lair:1   | Noticed an eight-headed hydra
  8706 | Lair:1   | Reached skill level 1 in Translocations
  8780 | Lair:1   | Killed an eight-headed hydra
  8863 | Lair:1   | Noticed a six-headed hydra
  9030 | Lair:1   | Killed a six-headed hydra
  9445 | Lair:2   | Found a labyrinth entrance.
  9477 | Lab      | Entered a labyrinth
  9823 | Lab      | Noticed a minotaur
  9828 | Lab      | Killed a minotaur
  9828 | Lab      | Reached skill level 14 in Stealth
  9835 | Lab      | Identified Paythrua's Guide on Harmful Moulding
  9835 | Lab      | Identified Sif Muna's Collected Works on Earthen Ignition
  9844 | Lab      | Learned a level 2 spell: Passwall
  9848 | Lab      | Identified the Tome of Mutagenic Snow (You found it in a labyrinth)
  9848 | Lab      | Identified the Almanac of Displaced Changing (You found it in a labyrinth)
  9855 | Lab      | Got the uncursed leather armour of Masochism {*Drain rPois Str+5 Dex-4}
 10086 | Lair:2   | Reached skill level 1 in Transmutations
 10222 | Lair:2   | Gained mutation: You regenerate. [Vine Stalker growth]
 10222 | Lair:2   | Reached XP level 12. HP: 51/51 MP: 8/19
 10841 | Lair:3   | Found a hole to the Spider Nest.
 11000 | Lair:3   | Reached **** piety under Ashenzari
 12164 | Lair:4   | Reached skill level 15 in Stealth
 12719 | Lair:5   | Drew Focus: Int increased to 20, Str decreased to 12
 12725 | Lair:4   | Gained mutation: You are frail (-10% HP). [helix card]
 13839 | Lair:6   | Noticed Rupert
 13842 | Lair:6   | Paralysed by Rupert for 3 turns
 13855 | Lair:6   | Killed Rupert
 13855 | Lair:6   | Reached skill level 16 in Stealth
 13855 | Lair:6   | Reached XP level 13. HP: 49/49 MP: 20/20
 14038 | Lair:6   | Found a staircase to the Slime Pits.
 14468 | Lair:6   | Found a staircase to the Shoals.
 14477 | Shoals:1 | Entered Level 1 of the Shoals
 14856 | Lair:7   | Reached ***** piety under Ashenzari
 14882 | Lair:7   | Found a snail-covered altar of Cheibriados.
 15081 | Lair:7   | Learned a level 4 spell: Cause Fear
 15084 | Lair:7   | Reached skill level 5 in Spellcasting
 15235 | Lair:7   | Noticed Nessos
 15263 | Lair:7   | Killed Nessos
 15263 | Lair:7   | Reached skill level 17 in Stealth
 15550 | Lair:8   | Entered Level 8 of the Lair of Beasts
 15936 | Lair:8   | Reached XP level 14. HP: 53/53 MP: 5/23
 16447 | Lair:8   | Reached skill level 18 in Stealth
 17225 | Lair:8   | Learned a level 4 spell: Leda's Liquefaction
 17348 | Lair:7   | Reached skill level 15 in Hexes
 17945 | D:10     | Entered Level 10 of the Dungeon
 17999 | D:10     | Noticed Joseph
 18006 | D:10     | Killed Joseph
 18053 | D:10     | Noticed Sonja
 18057 | D:10     | Killed Sonja
 18265 | D:10     | Noticed Fannar
 18574 | D:10     | Found a staircase to the Orcish Mines.
 18580 | Orc:1    | Entered Level 1 of the Orcish Mines
 18580 | Orc:1    | Noticed Maurice
 18583 | Orc:1    | Killed Maurice
 18841 | Orc:1    | Found a roughly hewn altar of Beogh.
 18884 | Orc:1    | Noticed a stone giant
 18896 | Orc:1    | Killed a stone giant
 19027 | Orc:1    | Noticed an orc warlord
 19037 | Orc:1    | Killed an orc warlord
 19037 | Orc:1    | Reached skill level 19 in Stealth
 19408 | Orc:2    | Entered Level 2 of the Orcish Mines
 19587 | Orc:2    | Reached skill level 1 in Conjurations
 19676 | Orc:2    | Found Tuotri's Gadget Shoppe.
 19677 | Orc:2    | Found Edytusin's Food Boutique.
 19935 | Orc:2    | Reached XP level 15. HP: 52/56 MP: 12/25
 20275 | Orc:2    | Found a roughly hewn altar of Beogh.
 20284 | Orc:2    | Found Joahiat's Food Shop.
 20736 | Orc:2    | Found a staircase to the Elven Halls.
 20764 | Orc:2    | Found a roughly hewn altar of Beogh.
 20828 | Orc:2    | Found Mopnatru's Antique Weapon Boutique.
 20833 | Orc:2    | Noticed an orc warlord
 21104 | Orc:2    | Bought a wand of teleportation (2/9) for 216 gold pieces
 21297 | Lair:2   | Learned a level 2 spell: Repel Missiles
 21673 | D:11     | Found a portal to a secret trove of treasure.
 21891 | D:11     | Reached ****** piety under Ashenzari
 21910 | D:11     | Reached skill level 1 in Fighting
 21925 | D:11     | Reached skill level 1 in Charms
 22699 | D:12     | Identified the +8 falchion of Power {drain, Int+4}
 22729 | D:12     | Identified the +3 long sword "Waimeh" {freeze, +Blink rF+ Str+2}
 23461 | D:12     | Reached skill level 20 in Stealth
 24260 | D:13     | Found a gate to the Vaults.
 24375 | D:13     | Found Geogituw's General Store.
 24449 | D:13     | HP: 3/60 [skeletal warrior/glaive (14)]
 25181 | D:14     | Noticed Kirke
 25189 | D:14     | Killed Kirke
 25189 | D:14     | Reached XP level 16. HP: 64/64 MP: 20/26
 25430 | D:14     | Lost mutation: You are frail (-10% HP). [potion of cure mutation]
 25723 | D:15     | Entered Level 15 of the Dungeon
 25790 | D:15     | Found a staircase to the Depths.
 26134 | D:15     | Found an opulent altar of Gozag.
 26192 | D:15     | Found Fitsusm's Antique Armour Boutique.
 26200 | D:15     | Bought a glowing helmet for 108 gold pieces
 26583 | Spider:1 | Entered Level 1 of the Spider Nest
 26650 | Spider:1 | Reached skill level 21 in Stealth
 26868 | Spider:1 | Identified a scroll of acquirement
 27395 | Spider:2 | Noticed Wiglaf
 27402 | Spider:2 | Killed Wiglaf
 28209 | Spider:4 | Entered Level 4 of the Spider Nest
 28482 | Spider:3 | HP: 1/75 [ghost moth (4)]
 28483 | Spider:3 | Mangled by a ghost moth

Vault maps used:
D:1:      minmay_arrival_hallway
D:2:      grunt_temple_overflow_opulence, first_bread, grunt_decor_one_mirror,
          amethyst_killhole
D:4:      minmay_temple_entry_hall
D:5:      serial_shops, shop
D:6:      minmay_stone_trees_small, uniq_menkaure
D:7:      serial_glass, glass_columns_a, glass_columns_b, serial_shops,
          nicolae_shop_stone
D:8:      hangedman_ranch, kennysheep_cross_room
D:9:      lair_0_dummy, abandoned_shop, uniq_pikel
D:10:     orc_0_dummy, minmay_lizard_king, uniq_joseph, uniq_sonja, uniq_fannar
D:11:     enter_trove_5, roderic_greek_sauvastika, roderic_lattice_a
D:12:     wad_woods_settlement, kennysheep_small_spiral
D:13:     lightli_vaults_fourway_checkpoint, serial_shops,
          nicolae_shop_window_shopping, einodemon_barbed_minivault
D:14:     corexii_leaking_fountain, uniq_kirke
D:15:     grunt_enter_depths_magical_seal, old_standard_altar, serial_shops,
          nicolae_shop_overgrown_old_shop
Temple:   kilobyte_greek_temple_18
Lair:1:   grunt_forest_large_clearings, grunt_megastairs_3
Lair:2:   lab_entry_generic, st_stairs_8, bh_chokoban
Lair:3:   pond_and_an_island_with_a_cottage, spider_nest_entry_webs
Lair:4:   bh_autumn_forest_stairs, lemuel_fruit_tree
Lair:5:   kennysheep_abandoned_house
Lair:6:   forest_paths, nicolae_slime_entry_slimehenge, uniq_rupert
Lair:7:   basic_altar, uniq_nessos
Lair:8:   hangedman_lair_tendril_chambers, minivault_23, patterned_corridor
Spider:1: uniq_nikola
Spider:2: uniq_wiglaf
Spider:3: hangedman_spider_tarantella_strand
Spider:4: grunt_spider_rune_island, nicolae_spider_cling_ruins, uniq_asterion
Orc:1:    special_room, basic_altar, uniq_maurice
Orc:2:    st_orc_open, basic_altar, nicolae_orc_lost_temple
Lab:      labyrinth_spiral

Skill      XL: |  1  2  3  4  5  6  7  8  9 10 11 12 13 14 15 16 |
---------------+-------------------------------------------------+-----
Short Blades   | 1 2 3 4 5 6 7 9 |  9.9
Stealth        | 4 5 6 8 11 12 14 16 17 19 20 21 | 21.6
Hexes          | 4 5 7 8 10 11 13 14 15 16 17 | 17.7
Spellcasting   | 3 4 5 6 |  6.5
Translocations | 3 |  3.5
Transmutations | 1 |  1.9
Conjurations   | 1 2 |  2.6
Fighting       | 3 4 |  4.8
Charms         | 3 |  3.2
Dodging        | |  1.5

Action                   |  1- 3 |  4- 6 |  7- 9 | 10-12 | 13-15 | 16-18 || total
-------------------------+-------+-------+-------+-------+-------+-------++-------
Melee: Dagger            |    77 |   157 |   238 |   288 |   662 |   168 ||  1590
       Bite              |    13 |    44 |    44 |    56 |   124 |    23 ||   304
 Cast: Corona            |     4 |     2 |       |       |       |       ||     6
       Confuse           |     4 |     9 |    19 |     9 |    82 |    12 ||   135
       Ensorcelled Hiber |       |    16 |   110 |   115 |   358 |   105 ||   704
       Gell's Gravitas   |       |       |       |    11 |   103 |    14 ||   128
       Dazzling Spray    |       |       |       |    56 |    61 |     3 ||   120
       Passwall          |       |       |       |     2 |    14 |    26 ||    42
       Blink             |       |       |       |       |     7 |     1 ||     8
       Leda's Liquefacti |       |       |       |       |     1 |       ||     1
       Cause Fear        |       |       |       |       |     1 |       ||     1
       Repel Missiles    |       |       |       |       |     1 |       ||     1
Invok: Curse Item        |       |     1 |       |     2 |     2 |       ||     5
       Scrying           |       |       |     1 |     2 |     5 |     7 ||    15
Evoke: Club              |       |       |       |     1 |     1 |     3 ||     5
       Hammer            |       |       |       |    13 |       |       ||    13
  Use: Scroll            |       |       |     1 |    24 |     8 |    13 ||    46
       Potion            |       |       |       |       |     4 |     6 ||    10
 Stab: Sleeping          |    12 |    19 |    64 |   110 |   244 |    86 ||   535
       Confused          |       |     3 |     8 |    10 |    27 |     7 ||    55
       Invisible         |       |       |       |    10 |    14 |       ||    24
       Distracted        |       |       |       |       |     3 |     2 ||     5
       Petrifying        |       |       |       |       |     1 |       ||     1
  Eat: Chunk             |       |    10 |    15 |    21 |    34 |     9 ||    89
       Fruit             |       |       |     3 |     8 |     7 |     2 ||    20
       Bread ration      |       |       |     1 |       |       |       ||     1
       Pizza             |       |       |       |       |     1 |       ||     1
Armor: Robe              |    21 |    54 |    52 |   105 |   226 |    82 ||   540
Dodge: Dodged            |    38 |    76 |   135 |   133 |   353 |    97 ||   832
       Deflected         |       |       |       |       |     1 |     1 ||     2
